cohdb
Replays
Latest Replays
All Replays
Popular Replays
Top Player Replays
Match Explorer
How It Works
Community
CoH3 Stats
Reddit
Sign in to upload your games and track your stats! →
Sign in with Steam
Match 43345887
Unlisted
Match 43345887
Overview
Messages
Build Orders
End
Construct Section Command Post
Vickers Machine Gun Team
Selects Canadian Shock Battlegroup
Dingo Light Scout Car
Infantry Section
Infantry Section
Grenade Package
Selects Attacking Spirit
Selects Canadian Shock Section
Canadian Shock Section
Construct Platoon Command Post
Selects Incendiary Munitions
Humber Armored Car
Light Vehicle Training
Unlock Bishop Self-propelled Artillery
Bishop Self-propelled Artillery
Construct Company Command Post
Selects Pyrotechnics
Foot Guards Section
Selects Smoke Operation
Infantry Training
Foot Guards Section
Smoke Operation
B1t
SkyCurv
胡萝卜
Purple Cross
小鱼@
Silver
listen
Cisne
0
0
Comments
sign in to comment!
No comments posted yet!